 Dungeon Crawl Stone Soup version 0.23.2 (webtiles) character file.

Game seed: 15120367640790262101

637 Borgoz the Cutter (level 7, -1/42 HPs)
             Began as a Gargoyle Gladiator on Apr 8, 2019.
             Slain by a slave (5 damage)
             ... led by Pikel
             ... while paralysed by Ijyb
             ... on level 5 of the Dungeon.
             The game lasted 00:08:42 (4038 turns).

Borgoz the Cutter (Gargoyle Gladiator)              Turns: 4038, Time: 00:08:43

Health: -1/42      AC: 12    Str: 17    XL:     7   Next: 50%
Magic:  16/16      EV:  2    Int:  9    God:
Gold:   226        SH:  0    Dex: 13    Spells: 6/6 levels left

rFire    . . .     SeeInvis .   a - +2 dagger (venom)
rCold    . . .     Gourm    .   (no shield)
rNeg     + . .     Faith    .   q - +0 ring mail (curse)
rPois    ∞         Spirit   .   c - +0 helmet
rElec    +         Reflect  .   m - +0 cloak
rCorr    .         Harm     .   (no gloves)
MR       .....                  (no boots)
Stlth    ++........             (no amulet)
HPRegen  0.14/turn              r - ring of magical power
MPRegen  0.15/turn              (no ring)

@: paralysed
A: negative energy resistance 1, electricity resistance, unbreathing,
petrification resistance, rot immunity, AC +4
a: no special abilities


You were on level 5 of the Dungeon.
You were not hungry.

You visited 1 branch of the dungeon, and saw 5 of its levels.
You also visited: Sewer.

You collected 226 gold pieces.

Inventory:

Hand Weapons
 a - a +2 dagger of venom (weapon)
 k - a +0 rapier
Missiles
 d - 3 throwing nets (quivered)
Armour
 c - a +0 helmet (worn)
 i - a +3 scale mail
 m - a +0 cloak (worn)
 q - a cursed +0 ring mail (worn)
Jewellery
 r - a ring of magical power (left hand)
 x - a +5 ring of strength {unknown}
Wands
 l - a wand of random effects (22)
Scrolls
 b - 2 scrolls of fear
 e - 6 scrolls of teleportation
 g - a scroll of remove curse
 h - 2 scrolls of amnesia {unknown}
 j - 2 scrolls of fog
 n - 2 scrolls of blinking
 v - a scroll of enchant armour {unknown}
 w - a scroll of identify
Potions
 o - 2 potions of might
 p - a potion of agility {unknown}
 s - 3 potions of curing
 t - a potion of magic {unknown}
 u - 2 potions of heal wounds
 z - a potion of cancellation {unknown}
Comestibles
 f - 14 rations


   Skills:
 + Level 3.7 Fighting
 * Level 4.7 Short Blades
 - Level 1.7 Throwing
 + Level 3.0 Armour
 * Level 4.2 Dodging
 + Level 3.2 Stealth


You had 6 spell levels left.
You didn't know any spells.
Your spell library contained the following spells:

 Spells                   Type           Power        Failure   Level  Hunger
 Summon Lightning Spire   Summ/Air       #.......     100%        4    #####..
 Silence                  Hex/Air        #.........   100%        5    ######.
 Conjure Ball Lightning   Conj/Air       #.........   100%        6    #######
 Deflect Missiles         Chrm/Air       #.........   100%        6    #######
 Tornado                  Air            #.........   100%        9    #######


Dungeon Overview and Level Annotations

Branches:
Dungeon (5/15)
 Temple: D:4-7

Altars:
Elyvilon
Qazlal
Ru
Yredelemnul

Annotations:
D:5 Ijyb, Pikel


Innate Abilities, Weirdness & Mutations

You are resistant to torment.
Your stone body is resilient. (AC +4)
You are immune to poison.
You resist negative energy. (rN+)
You are resistant to electric shocks. (rElec)
You can survive without breathing.
You are immune to petrification.
You are immune to rotting.


Message History

The slave hits you. x2
Ijyb zaps a wand.
You resist with some effort. The slave hits you.
The slave hits you but does no damage. The slave hits you.
* * * LOW HITPOINT WARNING * * *
The slave hits you but does no damage.
You can move again.
The slave looks more healthy.
Ijyb zaps a wand.
You resist with some effort.
The slave looks more healthy. x2
Ijyb zaps a wand.
You resist with some effort.
Ijyb screams, "It's all mine!"
Pikel says, "Wow, you'd add a bit of variety to my gang!"
Ijyb zaps a wand.
You resist with some effort.
Pikel zaps a wand.
You are blasted!
* * * LOW HITPOINT WARNING * * *
Ijyb screams, "Level is mine!
All mine!"
Ijyb zaps a wand.
You suddenly lose the ability to move!
The slave hits you but does no damage. The slave hits you.
You die...

........# ........#
........###################.
##.........................#
#..........p...........>..#
+.........................#
#.........................#
#............Kg...........#
#.............p@..........#
#............p.p....).....#
..##################.......#
#. #.......# #.......#
#.......# #.......#
#.......# #.......#


You could see Pikel, 4 slaves and Ijyb.

Vanquished Creatures
  Sigmund (D:2)
  An ogre (D:5)
  A bullfrog skeleton (D:4)
  An orc wizard (D:3)
  An iguana (D:4)
  Jessica (D:2)
  2 worker ants
  Robin (D:2)
  4 gnolls (D:3)
  9 adders
  A river rat (D:3)
  4 worms
  A dart slug (D:3)
  4 leopard geckos (D:3)
  6 orcs (D:3)
  7 bats
  2 giant cockroaches
  16 goblins
  6 hobgoblins
  9 jackals
  8 kobolds
  A quokka (D:3)
  2 ball pythons (D:3)
  6 frilled lizards
  3 rats (D:3)
  6 plants (Sewer)
104 creatures vanquished.

Notes
Turn   | Place    | Note
-------+----------+-------------------------------------------
     0 | D:1      | Borgoz the Gargoyle Gladiator began the quest for the Orb.
     0 | D:1      | Reached XP level 1. HP: 12/12 MP: 1/1
    84 | D:1      | Reached XP level 2. HP: 17/17 MP: 2/2
   427 | D:2      | Reached XP level 3. HP: 10/22 MP: 3/3
   777 | D:2      | Reached skill level 1 in Stealth
   792 | D:2      | Noticed Sigmund
   806 | D:2      | Killed Sigmund
   806 | D:2      | Reached skill level 1 in Armour
   806 | D:2      | Reached XP level 4. HP: 4/28 MP: 4/4
   806 | D:2      | Reached XP level 5. HP: 5/32 MP: 5/5
  1275 | D:2      | Noticed Jessica
  1281 | D:2      | Killed Jessica
  1281 | D:2      | Reached XP level 6. HP: 37/37 MP: 6/6
  1361 | D:2      | Noticed Robin
  1383 | D:2      | Killed Robin
  1514 | D:3      | Found a stormy altar of Qazlal.
  1773 | D:3      | Found a glowing drain.
  1813 | Sewer    | Entered a sewer
  2724 | D:3      | Reached XP level 7. HP: 26/41 MP: 7/7
  3049 | D:4      | Found a white marble altar of Elyvilon.
  3353 | D:4      | Found a basalt altar of Yredelemnul.
  3436 | D:4      | Found a sacrificial altar of Ru.
  3922 | D:5      | Entered Level 5 of the Dungeon
  3987 | D:5      | Noticed Pikel
  4003 | D:5      | Noticed Ijyb
  4007 | D:5      | Paralysed by Ijyb for 6 turns
  4035 | D:5      | Paralysed by Ijyb for 5 turns
  4038 | D:5      | Slain by a slave

Skill      XL: |  1  2  3  4  5  6  7 |
---------------+----------------------+-----
Short Blades   | 3 4 |  4.7
Stealth        | 2 3 |  3.2
Fighting       | 3 |  3.7
Armour         | 1 2 3 |  3.0
Dodging        | 3 4 |  4.2
Throwing       | |  1.7

Action                   |  1- 3 |  4- 6 |  7- 9 || total
-------------------------+-------+-------+-------++-------
Melee: Rapier            |    65 |   107 |       ||   172
       Dagger            |       |   266 |    82 ||   348
Throw: Throwing net      |     2 |       |       ||     2
  Use: Potion            |     3 |     1 |       ||     4
       Scroll            |       |     7 |     1 ||     8
 Stab: Sleeping          |       |     2 |       ||     2
  Eat: Chunk             |       |     7 |     4 ||    11
Armor: Leather armour    |    48 |    43 |       ||    91
       Ring mail         |       |    37 |    43 ||    80
Dodge: Dodged            |    60 |   139 |    46 ||   245
